 Dungeon Crawl Stone Soup version 0.20.1-1-g8b1a95d (webtiles) character file.

566025 eowindel the Hoplite (level 25, -11/241 (243) HPs)
             Began as a Minotaur Fighter on Aug 1, 2017.
             Was the Champion of Okawaru.
             Engulfed by an ushabti's foul pestilence (17 damage)
             ... on level 3 of the Tomb of the Ancients.
             The game lasted 06:53:28 (53544 turns).

eowindel the Hoplite (Minotaur Fighter)            Turns: 53544, Time: 06:53:29

HP:   -11/241 (243) AC: 25    Str: 32 (34) XL:     25   Next: 49%
MP:   26/26         EV: 29    Int: 18      God:    Okawaru [******]
Gold: 5456          SH: 31    Dex: 27      Spells: 24/24 levels left

rFire    + + .     SeeInvis +   X - +4 war axe "Earthworm" {flame, rElec rF+ Str+4 Int+4}
rCold    + + +     Gourm    .   l - +3 large shield {reflect}
rNeg     + . .     Faith    .   q - +8 ring mail of Uskayaw's Displeasure {Regen+}
rPois    +         Spirit   .   A - +0 hat of Kaoxzubbu {rF- Str+4 Dex+4 SInv}
rElec    +         Reflect  +   R - scarf {rC+ rF+}
rCorr    .         Harm     .   i - +1 pair of gloves of the Well-Known Shrikes {rElec Str+4 Dex+2}
MR       ++...     NoCast   +   W - +4 pair of boots "Damnable Contraption" {-Cast rElec rPois Dex+5}
Stlth    ++++......             u - amulet of Desoell {+Rage rPois MR+ Dex+3}
Regen    1.3/turn               N - ring "Copizuru" {rC+ Int+3}
MPRegen  0.2/turn               c - ring of Equilibrium {Fire rN+}

@: about to teleport, slowed, very slow
A: retaliatory headbutt, beak, horns 2, camouflage 1, blink, cold resistance 2,
low mp 1, regeneration 1, weak 1, MP-powered wands
}: 3/15 runes: barnacled, silver, gossamer
a: Blink, Heroism, Finesse, Renounce Religion, Evoke Berserk Rage


You were on level 3 of the Tomb of the Ancients.
You worshipped Okawaru.
Okawaru was exalted by your worship.
You were not hungry.

You visited 11 branches of the dungeon, and saw 49 of its levels.
You visited the Abyss 1 time.
You also visited: Ossuary and Ice Cave.

You collected 7278 gold pieces.
You spent 1822 gold pieces at shops.

Inventory:

Hand Weapons
 m - the +4 spear "Ruimef" {holy, MR+++ MP+9 Int-2 Dex+4}
   (You found it on level 5 of the Vaults)

   It has been blessed by the Shining One to cause great damage to the undead
   and demons.
   It affects your intelligence (-2).
   It affects your dexterity (+4).
   It affects your resistance to hostile enchantments.
   It affects your magic capacity (+9).
 C - the +11 trident of the Special Realms {pierce, Int+4 Stlth-}
   (Okawaru gifted it to you on level 1 of the Elven Halls)

   It inflicts extra damage upon your enemies.
   It affects your intelligence (+4).
   It makes you less stealthy.
 L - a +9 demon trident of electrocution
 P - the +7 falchion "Toylofaf" {flame, rPois MR++ Dex+4}
   (You found it on level 4 of the Shoals)

   It has been specially enchanted to burn those struck by it, causing extra
   injury to most foes and up to half again as much damage against particularly
   susceptible opponents.
   Big, fiery blades are also staple armaments of hydra-hunters.
   It affects your dexterity (+4).
   It protects you from poison.
   It affects your resistance to hostile enchantments.
 U - the +8 double sword of Blood {slice, Str+4}
   (Okawaru gifted it to you on level 2 of the Elven Halls)

   It inflicts extra damage upon your enemies.
   It affects your strength (+4).
 X - the +4 war axe "Earthworm" (weapon) {flame, rElec rF+ Str+4 Int+4}
   (You took it off a deep elf demonologist on level 3 of the Elven Halls)

   It has been specially enchanted to burn those struck by it, causing extra
   injury to most foes and up to half again as much damage against particularly
   susceptible opponents.
   Big, fiery blades are also staple armaments of hydra-hunters.
   It affects your strength (+4).
   It affects your intelligence (+4).
   It protects you from fire.
   It insulates you from electricity.
Missiles
 Y - 46 silver javelins (quivered)
Armour
 i - the +1 pair of gloves of the Well-Known Shrikes (worn) {rElec Str+4 Dex+2}
   (You found it on level 3 of the Crypt)

   It affects your strength (+4).
   It affects your dexterity (+2).
   It insulates you from electricity.
 l - a +3 large shield of reflection (worn)
 q - the +8 ring mail of Uskayaw's Displeasure (worn) {Regen+}
   (You found it on level 5 of the Vaults)

   It increases your rate of regeneration.
 A - the +0 hat of Kaoxzubbu (worn) {rF- Str+4 Dex+4 SInv}
   (Okawaru gifted it to you on level 6 of the Lair of Beasts)

   It affects your strength (+4).
   It affects your dexterity (+4).
   It makes you vulnerable to fire.
   It lets you see invisible.
 R - a scarf of resistance (worn)
 W - the +4 pair of boots "Damnable Contraption" (worn) {-Cast rElec rPois Dex+5}
   (You acquired it on level 5 of the Lair of Beasts)

   It affects your dexterity (+5).
   It insulates you from electricity.
   It protects you from poison.
   It prevents spellcasting.
Jewellery
 c - the ring of Equilibrium (right hand) {Fire rN+}
   (You found it on level 14 of the Dungeon)

   [ring of fire]

   It enhances your fire magic.
   It protects you from fire.
   It makes you vulnerable to cold.
   It protects you from negative energy.
 u - the amulet of Desoell (around neck) {+Rage rPois MR+ Dex+3}
   (You bought it in a shop on level 3 of the Shoals)

   [amulet of rage]

   It affects your dexterity (+3).
   It protects you from poison.
   It affects your resistance to hostile enchantments.
   It lets you go berserk.
 D - an uncursed ring of protection from magic
 N - the ring "Copizuru" (left hand) {rC+ Int+3}
   (You found it in an ice cave)

   [ring of protection from cold]

   It affects your intelligence (+3).
   It protects you from cold.
 Q - an uncursed ring of resist corrosion
Wands
 b - a wand of lightning (13/15)
 h - a wand of acid (12/15)
 z - a wand of clouds (6/9)
 G - a wand of scattershot (6/9)
 K - a wand of digging (15/24)
 V - a wand of disintegration (16/24)
Scrolls
 e - 8 scrolls of teleportation
 g - 26 scrolls of identify
 p - 6 scrolls of fog
 t - a scroll of enchant armour
 y - 15 scrolls of remove curse
 F - 5 scrolls of blinking
 I - 3 scrolls of recharging
 J - 8 scrolls of fear
 O - 7 scrolls of magic mapping
 S - 2 scrolls of silence
 Z - a scroll of enchant weapon
Potions
 d - 6 potions of might
 j - a potion of brilliance
 k - 8 potions of ambrosia
 r - 8 potions of flight
 s - 13 potions of curing
 w - 3 potions of invisibility
 x - 11 potions of haste
 E - 8 potions of agility
 H - 2 potions of resistance
 M - 5 potions of cancellation
 T - 2 potions of mutation
Comestibles
 a - a fruit
 f - 22 bread rations
 o - 16 royal jellies
 v - 32 meat rations


   Skills:
 + Level 23.0 Fighting
 + Level 5.9 Long Blades
 + Level 19.8(22.7) Axes
 + Level 19.9(22.7) Polearms
 + Level 9.6 Throwing
 + Level 16.7 Armour
 + Level 16.6 Dodging
 + Level 5.3 Stealth
 + Level 25.2 Shields
 + Level 9.4 Invocations
 + Level 10.6 Evocations


You had 24 spell levels left.
You didn't know any spells.

Dungeon Overview and Level Annotations

Branches:
Dungeon (15/15)            Temple (1/1) D:6            Lair (6/6) D:8
 Shoals (4/4) Lair:2       Spider (4/4) Lair:2        Slime (3/5) Lair:6
    Orc (2/2) D:9             Elf (3/3) Orc:2        Vaults (5/5) D:14
  Crypt (3/3) Vaults:3       Tomb (3/3) Crypt:3      Depths (0/5) D:15

Altars:
Ashenzari
Cheibriados
Dithmenos
Fedhas
Gozag
Hepliaklqana
Kikubaaqudgha
Makhleb
Nemelex Xobeh
Okawaru
Qazlal
Ru
Sif Muna
Trog
Uskayaw
Vehumet
Xom
Yredelemnul
Zin
The Shining One
Beogh

Shops:
D:4 !   Orc:1 [   Orc:2 [}%(   Elf:3 :   Shoals:3 =   Shoals:4 ?   Vaults:1 *
Vaults:2 (   Vaults:3 *   Vaults:4 *   Vaults:5 [

Portals:
Trove: D:11 (give 17 potions of curing)

Annotations:
Tomb:2 Sojobo


Innate Abilities, Weirdness & Mutations

You reflexively headbutt those who attack you in melee.
You have a pair of horns on your head.
You have a beak for a mouth.
Your skin changes colour to match your surroundings (Stealth+).
You can translocate small distances at will.
Your flesh is very cold resistant. (rC++)
Your magical capacity is low. (-10% MP)
Your natural rate of healing is unusually fast.
You are weak. (Str -2)
You expend magic power (3 MP) to strengthen your wands.


Message History

The bennu completely misses you. You furiously retaliate!
You headbutt the bennu, but do no damage.
You block the bennu's attack. x3; The bennu completely misses you. x2
The bennu pecks you!
* * * LOW HITPOINT WARNING * * *
You block the bennu's attack. The bennu claws you but does no damage.
The bennu's plumage briefly flares with an otherwordly flame.
You block the bennu's attack. The bennu claws you!
* * * LOW HITPOINT WARNING * * *
The bennu barely misses you. The bennu completely misses you.
The bennu closely misses you. You block the bennu's attack.
The ushabti shakes and rattles.
The vile air hits the greater mummy.
The vile air hits the bennu.
The vile air hits you! The bennu pecks you but does no damage.
The bennu completely misses you. x2; The bennu barely misses you.
The bennu closely misses you. x2
The greater mummy casts a spell.
A mummy comes into view.
You feel better.
You are engulfed in dark miasma.
You die...

#M.....#
#M.....#
#.z..M.#
#MM....#M
z8Zs...'.
#sMMM..#
#MMs8..#
#bbz...#
#@bs...#
#......#
#.!....#
########


You could see a greater mummy, 4 emperor scorpions, 3 bennus, 2 ancient
champions, a skeletal warrior, 6 guardian mummies, 2 ushabtiu, 3 mummies and an
ettin skeleton.

Vanquished Creatures
  Mara (Spider:3)
  The ghost of muxecoid the Conqueror, a legendary FoHu of Okawaru (Vaults:5)
  An ancient lich (Crypt:3)
  2 greater mummies (Tomb:1)
  Saint Roka (Vaults:2)
  The ghost of freekh the Slayer, a veteran VSFi of Okawaru (Vaults:5)
  2 tentacled monstrosities (Vaults:5)
  5 liches
  A quicksilver dragon (Vaults:5)
  5 titans
  6 acid blobs
  2 deep elf blademasters (Elf:3)
  Polyphemus (Shoals:2)
  5 ancient champions
  A kraken (Shoals:3)
  4 shadow dragons (Vaults:5)
  Agnes (Spider:2)
  Frances (Shoals:1)
  9 sphinxes
  6 storm dragons
  Kirke (D:14)
  5 azure jellies
  6 tengu reavers (Vaults:5)
  4 revenants
  5 fire giants
  Ilsuiw (Shoals:4)
  2 frost giants (Vaults:5)
  Aizul (Spider:2)
  6 deep elf sorcerers
  4 ghouls
  4 ghost moths (Spider:4)
  2 iron dragons
  An orc warlord (Vaults:3)
  18 vault wardens
  7 emperor scorpions (Spider:4)
  4 deep elf elementalists
  A curse skull (Crypt:3)
  7 war gargoyles
  16 stone giants
  A reaper (Crypt:2)
  A bennu (Tomb:3)
  28 ironheart preservers
  A very ugly thing (Vaults:5)
  9 deep elf demonologists
  12 deep elf annihilators
  Azrael (D:14)
  6 vampire knights
  A white draconian (IceCv)
  7 eidola
  A spark wasp (shapeshifter) (Vaults:2)
  10 merfolk javelineers
  2 merfolk impalers
  12 mummy priests
  12 deep elf death magi
  9 ettins
  A minotaur (Shoals:1)
  11 jiangshi
  A crystal guardian (Vaults:1)
  3 fire dragons
  4 deep elf high priests
  5 great orbs of eyes
  A great orb of eyes (shapeshifter) (Vaults:5)
  14 yaktaur captains
  29 vault guards
  Erolcha (Orc:1)
  11 ice dragons
  7 hydras
  The ghost of Peloso the Carver, a journeyman DsFi of Okawaru (D:10)
  2 naga warriors
  A quicksilver dragon skeleton (Crypt:3)
  6 merfolk avatars
  3 death knights
  54 two-headed ogres
  Erica (D:8)
  14 ogre magi
  2 catoblepae
  9 centaur warriors
  5 death yaks
  4 merfolk aquamancers (Shoals:4)
  30 dancing weapons
  An alligator (Lair:6)
  2 alligator snapping turtles
  A deep troll shaman (Vaults:3)
  A tengu warrior (D:15)
  A satyr (Shoals:1)
  13 death scarabs (Tomb:1)
  4 orc high priests
  Urug (D:11)
  3 vampire magi
  22 deep elf knights
  A shock serpent (shapeshifter) (Vaults:1)
  2 titan skeletons (Crypt:1)
  Nergalle (Lair:1)
  A sixfirhy (Abyss:2)
  5 shadow wraiths
  A hell knight (Vaults:5)
  2 wretched stars (Abyss:2)
  9 sea snakes
  5 unseen horrors
  2 glowing orange brains
  A wizard (Vaults:3)
  7 flayed ghosts
  26 skeletal warriors
  An anaconda zombie (Crypt:3)
  20 deep trolls
  A golden dragon zombie (Crypt:2)
  20 orc knights
  12 deep elf archers
  An anaconda skeleton (Abyss:2)
  76 deep elf magi
  2 iron dragon zombies
  6 orc sorcerers
  10 ironbrand convokers
  9 necromancers
  A shadow dragon zombie (Crypt:1)
  A stone giant zombie (D:15)
  Pikel (D:4)
  19 harpies
  A lindwurm (Lair:6)
  17 phantasmal warriors
  An orb spider (shapeshifter) (Abyss:2)
  17 orb spiders
  42 wolf spiders
  6 oklob plants
  A frost giant zombie (Tomb:2)
  5 moths of wrath
  9 cyclopes
  15 manticores
  35 ugly things
  7 large abominations
  A fire giant zombie (Tomb:1)
  2 salamanders (Abyss:2)
  4 fauns (Shoals:1)
  8 fire giant skeletons
  13 merfolk sirens
  5 shining eyes
  A worldbinder (Abyss:2)
  2 elephants (Shoals:1)
  3 frost giant skeletons
  2 iron dragon skeletons
  A dire elephant zombie (Crypt:3)
  2 stone giant skeletons
  19 vault sentinels
  5 water nymphs
  An ice statue (IceCv)
  2 smoke demons (Abyss:2)
  Joseph (Lair:1)
  5 black mambas
  A guardian serpent (Abyss:2)
  A dire elephant skeleton (Crypt:1)
  5 gargoyles
  7 torpor snails
  2 eyes of devastation
  10 spiny frogs
  19 freezing wraiths
  A yaktaur zombie (Vaults:5)
  A grey draconian zombie (Crypt:1)
  A kobold demonologist (D:13)
  5 rime drakes
  8 komodo dragons
  2 efreet
  13 guardian mummies
  37 yaktaurs
  6 demonic crawlers
  A white draconian skeleton (Crypt:1)
  11 trolls
  A black draconian skeleton (Crypt:1)
  34 merfolk
  9 meliai
  31 jumping spiders
  A hornet (shapeshifter) (Vaults:5)
  20 polar bears
  22 hornets
  4 tyrant leeches (Lair:6)
  A meliai (shapeshifter) (Vaults:1)
  7 wind drakes
  20 blink frogs
  A fire dragon zombie (D:15)
  40 slime creatures
  Prince Ribbit (D:6)
  A raiju (shapeshifter) (Vaults:3)
  7 raiju (Abyss:2)
  An ettin zombie (Tomb:1)
  2 ice dragon zombies
  11 snapping turtles
  2 human simulacra (Vaults:3)
  13 hippogriffs
  4 dream sheep (Lair:6)
  A fire giant simulacrum (Crypt:1)
  A hydra skeleton (Crypt:1)
  4 flying skulls (Crypt:1)
  25 tarantellas
  2 air elementals (Elf:3)
  4 shadows
  An alligator skeleton (Crypt:3)
  54 redbacks
  A redback (shapeshifter) (Vaults:2)
  A tarantella (shapeshifter) (Vaults:5)
  3 vampires (Crypt:3)
  16 wraiths
  9 fire dragon skeletons (Crypt:3)
  2 ynoxinuls (Abyss:2)
  An ice dragon skeleton (Crypt:3)
  15 water elementals
  4 wyverns
  3 hungry ghosts
  A human (shapeshifter) (Elf:2)
  9 ushabtiu (Tomb:1)
  7 basilisks
  10 fire elementals
  3 hogs (D:14)
  A yak (shapeshifter) (Vaults:4)
  62 yaks
  2 hogs (shapeshifter)
  4 steam dragons
  A chaos spawn (Abyss:2)
  Eustachio (D:4)
  13 golden eyes
  A neqoxec (Abyss:2)
  4 vampire mosquitoes
  9 wargs
  A naga (Elf:3)
  3 acid dragons
  A deep troll zombie (Vaults:3)
  5 hell hounds (D:14)
  A soldier ant (D:12)
  A faun skeleton (Crypt:1)
  12 water moccasins
  Duvessa (D:7)
  12 porcupines
  A swamp drake (D:9)
  3 black bears
  2 deep troll skeletons (Vaults:3)
  6 ice beasts
  A spiny frog zombie (Crypt:1)
  47 orc warriors
  3 sky beasts
  2 manticore zombies (Crypt:2)
  A spiny frog skeleton (Crypt:3)
  A necrophage (Crypt:2)
  2 phantoms (D:6)
  48 ogres
  5 eyes of draining
  39 wolves
  12 boggarts
  An elf skeleton (Vaults:5)
  A blink frog skeleton (Crypt:2)
  25 centaurs
  14 crocodiles
  3 big kobolds
  6 human zombies
  21 bullfrogs
  A wyvern zombie (D:13)
  3 human skeletons
  4 earth elementals
  A cyclops skeleton (Crypt:2)
  A water moccasin zombie (D:8)
  4 scorpions
  A spriggan zombie (Crypt:3)
  Dowan (D:7)
  61 killer bees
  2 orc simulacra (Vaults:1)
  5 wights
  An electric eel (Spider:4)
  9 crimson imps
  3 centaur zombies
  A soldier ant zombie (Crypt:2)
  6 bullfrog zombies
  5 jellies
  27 orc priests
  A basilisk zombie (Crypt:2)
  9 hounds
  6 iguanas
  4 bullfrog skeletons
  2 centaur skeletons
  39 orc wizards
  6 small abominations
  6 hell rats (Lair:6)
  11 worker ants
  2 killer bee zombies
  6 hound zombies
  32 mummies
  3 howler monkey zombies
  2 worker ant zombies
  8 gnolls (D:3)
  A howler monkey skeleton (D:7)
  A steam dragon zombie (Crypt:1)
  11 adders
  A white imp (Vaults:1)
  3 shadow imps
  An ufetubus (Abyss:2)
  An ooze (D:1)
  A worm zombie (Crypt:2)
  3 adder zombies (Ossuary)
  2 adder skeletons
  10 worms
  2 dart slugs
  5 leopard geckos
  142 orcs
  7 bats
  9 giant cockroaches
  11 goblins
  8 hobgoblins
  8 jackals
  3 quokkas
  A ball python (D:5)
  5 frilled lizards
  A jackal zombie (Ossuary)
  19 kobolds
  A leopard gecko zombie (Ossuary)
  An orc zombie (Crypt:1)
  A quokka skeleton (D:7)
  A quokka zombie (Crypt:2)
  10 rats
  A bush (Shoals:1)
  9 crawling corpses
  2 fungi (D:8)
  2 plants (Lair:2)
  4 tentacles (Shoals:3)
  4 withered plants
2494 creatures vanquished.

Vanquished Creatures (collateral kills)
  An ogre mage (Vaults:3)
1 creature vanquished.

Vanquished Creatures (others)
  2 deep elf master archers (Elf:3)
  Nessos (Orc:2)
  A merfolk javelineer (Shoals:2)
  4 yaktaur captains
  A centaur warrior (Crypt:1)
  A death scarab (Tomb:2)
  2 deep elf knights
  A shadow wraith (Vaults:3)
  5 deep elf archers
  A harpy (D:13)
  2 orc knights
  2 deep elf magi (Vaults:5)
  A cyclops (Vaults:2)
  3 fauns (Shoals:1)
  8 yaktaurs
  A jumping spider (Spider:4)
  A wraith (Crypt:3)
  A human (D:14)
  A boggart (Vaults:1)
  3 centaurs
  A bullfrog (D:14)
  An adder (D:4)
  A quokka (D:4)
  6 fungi
  11 plants
  6 tentacles (Shoals:3)
  2 withered plants
70 creatures vanquished.

Grand Total: 2565 creatures vanquished

Notes
Turn   | Place    | Note
-------+----------+-------------------------------------------
     0 | D:1      | eowindel the Minotaur Fighter began the quest for the Orb.
     0 | D:1      | Reached XP level 1. HP: 19/19 MP: 0/0
    96 | D:1      | Reached XP level 2. HP: 25/27 MP: 1/1
   208 | D:1      | Reached skill level 4 in Shields
   758 | D:2      | Reached XP level 3. HP: 33/33 MP: 2/2
  1077 | D:2      | Reached XP level 4. HP: 36/40 MP: 3/3
  1132 | D:2      | Reached skill level 1 in Dodging
  1586 | D:3      | Reached XP level 5. HP: 25/46 MP: 4/4
  1768 | D:3      | Found a faded altar of an unknown god.
  2267 | D:3      | Reached skill level 5 in Polearms
  2267 | D:3      | Reached XP level 6. HP: 25/53 MP: 5/5
  2271 | D:3      | Reached skill level 5 in Shields
  2692 | D:4      | Reached skill level 5 in Armour
  2803 | D:4      | Reached XP level 7. HP: 31/60 MP: 6/6
  3013 | D:4      | Found a radiant altar of Vehumet.
  3189 | D:4      | Noticed Eustachio
  3220 | D:4      | Killed Eustachio
  3220 | D:4      | Reached skill level 5 in Fighting
  3431 | D:4      | Found Urozeu's Distillery.
  3432 | D:4      | Noticed Pikel
  3444 | D:4      | Killed Pikel
  3444 | D:4      | Reached skill level 6 in Shields
  3444 | D:4      | Reached XP level 8. HP: 63/69 MP: 7/7
  3451 | D:4      | Bought a potion of mutation for 96 gold pieces
  3451 | D:4      | Gained mutation: Your muscles are strong. (Str +2) [potion of mutation]
  3451 | D:4      | Gained mutation: Your flesh is cold resistant. (rC+) [potion of mutation]
  3451 | D:4      | Gained mutation: You can translocate small distances at will. [potion of mutation]
  3451 | D:4      | Gained mutation: You are robust. (+10% HP) [potion of mutation]
  3554 | D:4      | Found a snail-covered altar of Cheibriados.
  3711 | D:5      | Entered Level 5 of the Dungeon
  3906 | D:5      | Reached skill level 1 in Stealth
  4128 | D:5      | Noticed a hippogriff
  4134 | D:5      | Killed a hippogriff
  4248 | D:5      | Reached skill level 7 in Shields
  4721 | D:5      | Reached XP level 9. HP: 77/82 MP: 8/8
  4791 | D:6      | Found a hide-covered altar of Uskayaw.
  4907 | D:6      | Found a staircase to the Ecumenical Temple.
  4915 | Temple   | Entered the Ecumenical Temple
  5212 | Temple   | Became a worshipper of Warmaster Okawaru
  5480 | D:6      | Noticed Prince Ribbit
  5485 | D:6      | Found an iron altar of Okawaru.
  5487 | D:6      | Killed Prince Ribbit
  5487 | D:6      | Reached skill level 10 in Polearms
  5487 | D:6      | Reached skill level 8 in Shields
  5507 | D:6      | Reached skill level 1 in Throwing
  5842 | D:6      | Found a hazy altar of Hepliaklqana.
  6124 | D:7      | Reached * piety under Okawaru
  6269 | D:7      | Noticed Dowan
  6278 | D:7      | Killed Dowan
  6359 | D:7      | Noticed Duvessa
  6368 | D:7      | Killed Duvessa
  6889 | D:8      | Found a sand-covered staircase.
  6898 | Ossuary  | Entered an ossuary
  6934 | Ossuary  | Reached XP level 10. HP: 94/94 MP: 9/9
  7121 | Ossuary  | Reached ** piety under Okawaru
  7201 | D:8      | Found a staircase to the Lair.
  7261 | D:8      | Noticed Erica
  7284 | D:8      | Killed Erica
  7483 | D:8      | Reached *** piety under Okawaru
  7761 | D:8      | Noticed a two-headed ogre
  7770 | D:8      | Killed a two-headed ogre
  7770 | D:8      | Reached skill level 9 in Shields
  7810 | D:8      | Noticed a two-headed ogre
  7815 | D:8      | Killed a two-headed ogre
  7939 | Lair:1   | Entered Level 1 of the Lair of Beasts
  7968 | Lair:1   | Reached **** piety under Okawaru
  8091 | Lair:1   | Reached XP level 11. HP: 98/104 MP: 10/10
  8202 | Lair:1   | Reached skill level 1 in Invocations
  8439 | Lair:1   | Noticed Joseph
  8447 | Lair:1   | Killed Joseph
  8487 | Lair:1   | Reached ***** piety under Okawaru
  8653 | Lair:1   | Noticed Nergalle
  8671 | Lair:1   | Killed Nergalle
  9445 | Lair:2   | Reached skill level 10 in Shields
  9471 | Lair:2   | Found a staircase to the Shoals.
  9506 | Lair:2   | Noticed an oklob plant
  9723 | Lair:2   | Found a hole to the Spider Nest.
  9862 | Lair:2   | Received a gift from Okawaru
 10696 | Lair:3   | Reached XP level 12. HP: 116/116 MP: 14/14
 10856 | Lair:3   | Reached skill level 10 in Fighting
 10892 | Lair:3   | Received a gift from Okawaru
 10892 | Lair:3   | Reached skill level 5 in Invocations
 10893 | Lair:3   | Got an opalescent robe {god gift}
 10904 | Lair:3   | Identified the +1 robe of Eceoz {MR+ Str+3} (Okawaru gifted it to you on level 3 of the Lair of Beasts)
 10945 | Lair:3   | Reached skill level 11 in Shields
 11553 | Lair:3   | Reached skill level 10 in Armour
 11924 | Lair:4   | Reached skill level 1 in Evocations
 12021 | Lair:4   | Reached ****** piety under Okawaru
 12338 | Lair:4   | Reached skill level 15 in Polearms
 12600 | Lair:5   | Identified a scroll of acquirement
 12601 | Lair:5   | Got a pair of faintly humming boots
 12612 | Lair:5   | Identified the +4 pair of boots "Damnable Contraption" {-Cast rElec rPois Dex+5} (You acquired it on level 5 of the Lair of Beasts)
 12782 | Lair:5   | Received a gift from Okawaru
 12787 | Lair:5   | Reached XP level 13. HP: 121/127 MP: 16/16
 12797 | Lair:5   | Got a dazzling hat {god gift}
 12811 | Lair:5   | Identified the +0 hat of Nops {rC+} (Okawaru gifted it to you on level 5 of the Lair of Beasts)
 12982 | Lair:5   | Reached skill level 12 in Shields
 13080 | Lair:5   | Got an iridescent rapier
 13081 | Lair:5   | Identified the cursed +2 rapier "Mupsob" {flame, rC+++ MR++ Str+2 Stlth-} (You found it on level 5 of the Lair of Beasts)
 13130 | Lair:5   | You fall through a shaft!
 13130 | Lair:6   | Entered Level 6 of the Lair of Beasts
 13380 | Lair:6   | Found a frozen archway.
 13403 | IceCv    | Entered an ice cave
 13610 | IceCv    | Received a gift from Okawaru
 13643 | IceCv    | Got a twisted dagger
 13644 | IceCv    | Identified the +6 dagger of the Radish {speed, rN+} (You found it in an ice cave)
 13972 | IceCv    | Noticed a white draconian
 13983 | IceCv    | Reached skill level 13 in Shields
 13998 | IceCv    | Killed a white draconian
 14046 | IceCv    | Got a heavily runed granite ring
 14048 | IceCv    | Identified the ring "Copizuru" {rC+ Int+3} (You found it in an ice cave)
 14121 | Lair:6   | Received a gift from Okawaru
 14338 | Lair:6   | Received a gift from Okawaru
 14338 | Lair:6   | Reached XP level 14. HP: 139/139 MP: 18/18
 14377 | Lair:6   | Found a runed door.
 14424 | Lair:6   | Reached skill level 5 in Dodging
 14482 | Lair:6   | Reached skill level 5 in Evocations
 15138 | Lair:6   | Received a gift from Okawaru
 15139 | Lair:6   | Got an encrusted hat {god gift}
 15150 | Lair:6   | Identified the +0 hat of Kaoxzubbu {rF- Str+4 Dex+4 SInv} (Okawaru gifted it to you on level 6 of the Lair of Beasts)
 15420 | Lair:6   | Found a staircase to the Slime Pits.
 16292 | D:9      | Got a distressingly furry scale mail
 16303 | D:9      | Identified the +1 scale mail of Gen Leik {Str+4 SInv} (You found it on level 9 of the Dungeon)
 16419 | D:9      | Found a glowing silver altar of Zin.
 16541 | D:9      | Found a staircase to the Orcish Mines.
 16788 | D:10     | Entered Level 10 of the Dungeon
 17154 | D:10     | Noticed Peloso's ghost (journeyman DsFi)
 17171 | D:10     | Killed Peloso's ghost
 17677 | D:11     | Found a radiant altar of Vehumet.
 17890 | D:11     | Noticed Urug
 17914 | D:11     | Killed Urug
 18114 | D:11     | Found a portal to a secret trove of treasure.
 18790 | D:12     | Received a gift from Okawaru
 18802 | D:12     | Identified a +2 pair of boots of running (Okawaru gifted it to you on level 12 of the Dungeon)
 19906 | D:13     | Reached skill level 14 in Shields
 20004 | D:14     | Reached XP level 15. HP: 149/149 MP: 19/19
 20046 | D:14     | Found a glowing golden altar of the Shining One.
 20092 | D:14     | Got a vibrating brass ring
 20094 | D:14     | Identified the ring of Equilibrium {Fire rN+} (You found it on level 14 of the Dungeon)
 20476 | D:14     | Found a gate to the Vaults.
 20524 | D:14     | Received a gift from Okawaru
 20607 | D:14     | Noticed Kirke
 20624 | D:14     | Killed Kirke
 20670 | D:14     | Noticed Azrael
 20708 | D:14     | Reached skill level 10 in Dodging
 20722 | D:14     | Killed Azrael
 21046 | D:15     | Entered Level 15 of the Dungeon
 21256 | D:15     | Received a gift from Okawaru
 21330 | D:15     | Found a staircase to the Depths.
 21348 | D:15     | Found a radiant altar of Vehumet.
 21699 | D:15     | Received a gift from Okawaru
 21730 | D:15     | Lost mutation: Your muscles are strong. (Str +2) [mutagenic glow]
 21757 | D:15     | Gained mutation: You are agile. (Dex +2) [mutagenic glow]
 22138 | Orc:1    | Entered Level 1 of the Orcish Mines
 22138 | Orc:1    | Found a bloodstained altar of Trog.
 22142 | Orc:1    | Found Cyremaiq's Antique Armour Shop.
 22178 | Orc:1    | Found a roughly hewn altar of Beogh.
 22331 | Orc:1    | Bought a glowing shield for 187 gold pieces
 22424 | Orc:2    | Entered Level 2 of the Orcish Mines
 22424 | Orc:2    | Noticed Nessos
 22428 | Orc:2    | Killed Nessos
 22549 | Orc:1    | Noticed Erolcha
 22588 | Orc:1    | Killed Erolcha
 22588 | Orc:1    | Reached XP level 16. HP: 161/161 MP: 20/20
 22844 | Orc:2    | Paralysed by an orc sorcerer for 4 turns
 22939 | Orc:2    | Found a staircase to the Elven Halls.
 23384 | Orc:2    | Reached skill level 15 in Fighting
 23529 | Orc:2    | Found Oddakh's Gadget Emporium.
 23542 | Orc:2    | Found Sitaopes's Weapon Boutique.
 23548 | Orc:2    | Found Soasch's Food Boutique.
 23550 | Orc:2    | Found Fazxed's Antique Armour Emporium.
 23740 | Elf:1    | Entered Level 1 of the Elven Halls
 23782 | Elf:1    | Reached skill level 15 in Shields
 23967 | Elf:1    | Received a gift from Okawaru
 23968 | Elf:1    | Got a faintly glowing double sword {god gift}
 23978 | Elf:1    | Identified the +2 double sword "Wonninufoag" {slice, rC+ Str+6} (Okawaru gifted it to you on level 1 of the Elven Halls)
 24635 | Elf:1    | Got a bloodstained plate armour
 24646 | Elf:1    | Identified the cursed +1 plate armour "Maptesu" {+Fly Regen+} (You found it on level 1 of the Elven Halls)
 24688 | Elf:1    | Received a gift from Okawaru
 24695 | Elf:1    | Got a fine trident {god gift}
 24796 | Elf:1    | Identified the +11 trident of the Special Realms {pierce, Int+4 Stlth-} (Okawaru gifted it to you on level 1 of the Elven Halls)
 25418 | Elf:2    | Found a runed gate.
 25420 | Elf:2    | Found a runed gate.
 25420 | Elf:2    | Found a runed gate.
 25455 | Elf:2    | Reached XP level 17. HP: 172/172 MP: 21/23
 25879 | Elf:2    | Received a gift from Okawaru
 25880 | Elf:2    | Got an encrusted double sword {god gift}
 26241 | Elf:2    | Identified the +8 double sword of Blood {slice, Str+4} (Okawaru gifted it to you on level 2 of the Elven Halls)
 26297 | Elf:3    | Entered Level 3 of the Elven Halls
 26433 | Elf:3    | Found Peilawn's Book Boutique.
 26608 | Elf:3    | Reached skill level 16 in Shields
 26894 | Elf:3    | Noticed a Brimstone Fiend
 26896 | Elf:3    | Noticed a Tzitzimitl
 26911 | Elf:3    | Noticed a deep elf blademaster
 26925 | Elf:3    | Killed a deep elf blademaster
 26926 | Elf:3    | Reached skill level 1 in Long Blades
 27129 | Elf:3    | Received a gift from Okawaru
 27133 | Elf:3    | Got a sapphire war axe {flame}
 27171 | Elf:3    | Identified the +4 war axe "Earthworm" {flame, rElec rF+ Str+4 Int+4} (You took it off a deep elf demonologist on level 3 of the Elven Halls)
 27284 | Elf:3    | Noticed a deep elf blademaster
 27295 | Elf:3    | Killed a deep elf blademaster
 27295 | Elf:3    | Received a gift from Okawaru
 27295 | Elf:3    | Reached skill level 10 in Evocations
 27376 | Elf:3    | Cast into level 2 of the Abyss (a deep elf sorcerer)
 27531 | Abyss:2  | Received a gift from Okawaru
 27537 | Abyss:2  | Reached skill level 15 in Dodging
 27735 | Elf:3    | Escaped the Abyss
 28029 | Elf:3    | Reached XP level 18. HP: 184/184 MP: 24/24
 28241 | Elf:3    | Identified the Tome of Lucky Enchantment
 28245 | Elf:3    | Identified the Reference Book on Venomous Shape Shifting
 29126 | Spider:1 | Entered Level 1 of the Spider Nest
 29127 | Spider:1 | Reached skill level 1 in Axes
 29133 | Spider:1 | Received a gift from Okawaru
 29140 | Spider:1 | Got a shimmering fustibalus {god gift}
 29697 | Spider:2 | Reached skill level 17 in Shields
 29714 | Spider:2 | Noticed Agnes
 29723 | Spider:2 | Killed Agnes
 29781 | Spider:2 | Reached skill level 5 in Axes
 29782 | Spider:2 | Noticed Aizul
 29811 | Spider:2 | Killed Aizul
 29896 | Spider:2 | Received a gift from Okawaru
 30215 | Spider:3 | Noticed Mara
 30230 | Spider:3 | Noticed eowindel's illusion
 30651 | Spider:3 | Noticed eowindel's illusion
 30712 | Spider:3 | Noticed eowindel's illusion
 30719 | Spider:3 | Killed Mara
 31039 | Spider:4 | Entered Level 4 of the Spider Nest
 31080 | Spider:4 | Got a faintly glowing battleaxe
 31100 | Spider:4 | Identified the +1 battleaxe "Nusurove" {venom, Str+5} (You found it on level 4 of the Spider Nest)
 31552 | Spider:4 | Received a gift from Okawaru
 31678 | Spider:4 | Received a gift from Okawaru
 31682 | Spider:4 | Reached XP level 19. HP: 148/194 MP: 5/25
 32088 | Spider:4 | Reached skill level 18 in Shields
 32415 | Spider:4 | Got a gossamer rune of Zot
 32526 | Spider:1 | Received a gift from Okawaru
 32657 | Shoals:1 | Entered Level 1 of the Shoals
 32706 | Shoals:1 | Noticed Frances
 32726 | Shoals:1 | Killed Frances
 32973 | Shoals:1 | Found a hide-covered altar of Uskayaw.
 33852 | Shoals:2 | Noticed Polyphemus
 33885 | Shoals:2 | Killed Polyphemus
 34146 | Shoals:2 | Received a gift from Okawaru
 34147 | Shoals:2 | Got a slimy plate armour {god gift}
 34166 | Shoals:2 | Identified the +8 plate armour of the Invisible Hand {Int+6 Dex-3} (Okawaru gifted it to you on level 2 of the Shoals)
 34321 | Shoals:3 | Found Zaewa's Jewellery Emporium.
 34331 | Shoals:3 | Bought the amulet of Desoell {+Rage rPois MR+ Dex+3} for 1009 gold pieces
 34622 | Shoals:3 | Reached skill level 19 in Shields
 34960 | Shoals:4 | Entered Level 4 of the Shoals
 35094 | Shoals:4 | Noticed Ilsuiw
 35126 | Shoals:4 | Killed Ilsuiw
 35426 | Shoals:4 | Reached skill level 15 in Armour
 35482 | Shoals:4 | Reached XP level 20. HP: 136/207 MP: 22/26
 35624 | Shoals:4 | Got a barnacled rune of Zot
 35871 | Shoals:4 | Got a jewelled bardiche
 35872 | Shoals:4 | Identified the +7 bardiche "Giantbane" {freeze, +Blink MP+9 Int-5} (You found it on level 4 of the Shoals)
 36102 | Shoals:4 | Received a gift from Okawaru
 36116 | Shoals:4 | Got a shimmering scimitar
 36117 | Shoals:4 | Identified the cursed +2 scimitar of Checks and Balances {antimagic, Int+5} (You found it on level 4 of the Shoals)
 36158 | Shoals:4 | Got a crystal falchion
 36159 | Shoals:4 | Identified the +7 falchion "Toylofaf" {flame, rPois MR++ Dex+4} (You found it on level 4 of the Shoals)
 36178 | Shoals:4 | Found Tekh's Magic Scroll Shop.
 36212 | Shoals:4 | Bought a scroll of enchant weapon for 112 gold pieces
 36212 | Shoals:4 | Bought a scroll of enchant weapon for 112 gold pieces
 36647 | Slime:1  | Entered Level 1 of the Pits of Slime
 37230 | Slime:1  | Gained mutation: Scrolls take you a little longer to read. [a shining eye]
 37231 | Slime:1  | Gained mutation: You expend magic power (3 MP) to strengthen your wands. [a shining eye]
 37233 | Slime:1  | Gained mutation: You are weak. (Str -2) [a shining eye]
 37764 | Slime:1  | Reached skill level 5 in Throwing
 38091 | Slime:2  | Gained mutation: You occasionally shout uncontrollably at your foes. [a shining eye]
 38101 | Slime:1  | Reached skill level 5 in Long Blades
 38214 | Slime:2  | Gained mutation: Your movements are slightly less encumbered by armour. (ER -2) [a shining eye]
 38389 | Slime:1  | Received a gift from Okawaru
 38806 | Slime:3  | Gained mutation: Armour fits poorly on your strangely shaped body. [a shining eye]
 38812 | Slime:3  | Gained mutation: You are very weak. (Str -4) [a shining eye]
 38813 | Slime:3  | Gained mutation: Scrolls take you longer to read. [a shining eye]
 38815 | Slime:3  | Gained mutation: You evolve. [a shining eye]
 38820 | Slime:3  | Gained mutation: Scrolls take you much longer to read. [a shining eye]
 38825 | Slime:3  | Gained mutation: Your body sometimes deteriorates upon taking damage. [a shining eye]
 38829 | Slime:3  | Gained mutation: You tend to lose your temper in combat. [a shining eye]
 38932 | Slime:3  | Lost mutation: You expend magic power (3 MP) to strengthen your wands. [evolution]
 39050 | Slime:2  | HP: 10/207 [azure jelly (6)]
 39438 | Slime:1  | Gained mutation: You often lose your temper in combat. [a shining eye]
 39442 | Slime:1  | Lost mutation: Your movements are slightly less encumbered by armour. (ER -2) [a shining eye]
 39444 | Slime:1  | Gained mutation: Your spells are a little easier to cast, but a little less powerful. [a shining eye]
 39604 | Lair:2   | Lost mutation: Your body sometimes deteriorates upon taking damage. [potion of mutation]
 39604 | Lair:2   | Lost mutation: You often lose your temper in combat. [potion of mutation]
 39604 | Lair:2   | Lost mutation: Scrolls take you much longer to read. [potion of mutation]
 39604 | Lair:2   | Lost mutation: You are robust. (+10% HP) [potion of mutation]
 39604 | Lair:2   | Lost mutation: You tend to lose your temper in combat. [potion of mutation]
 39604 | Lair:2   | Lost mutation: You are agile. (Dex +2) [potion of mutation]
 39604 | Lair:2   | Gained mutation: You have a pair of large horns on your head. [potion of mutation]
 39604 | Lair:2   | Gained mutation: You are clumsy. (Dex -2) [potion of mutation]
 39604 | Lair:2   | Gained mutation: You have sharp fingernails. [potion of mutation]
 39692 | Lair:1   | Lost mutation: Scrolls take you longer to read. [potion of mutation]
 39692 | Lair:1   | Lost mutation: Scrolls take you a little longer to read. [potion of mutation]
 39692 | Lair:1   | Lost mutation: You are clumsy. (Dex -2) [potion of mutation]
 39813 | Spider:4 | Lost mutation: You have a pair of large horns on your head. [potion of mutation]
 39813 | Spider:4 | Lost mutation: You occasionally shout uncontrollably at your foes. [potion of mutation]
 39813 | Spider:4 | Gained mutation: You expend magic power (3 MP) to strengthen your wands. [potion of mutation]
 39813 | Spider:4 | Gained mutation: Your magical capacity is low. (-10% MP) [potion of mutation]
 39813 | Spider:4 | Lost mutation: You are very weak. (Str -4) [potion of mutation]
 39814 | Spider:4 | Lost mutation: You evolve. [potion of mutation]
 39814 | Spider:4 | Lost mutation: You can translocate small distances at will. [potion of mutation]
 39814 | Spider:4 | Lost mutation: You have sharp fingernails. [potion of mutation]
 39814 | Spider:4 | Lost mutation: Your spells are a little easier to cast, but a little less powerful. [potion of mutation]
 39814 | Spider:4 | Gained mutation: You are dopey. (Int -2) [potion of mutation]
 39814 | Spider:4 | Gained mutation: Your flesh is very cold resistant. (rC++) [potion of mutation]
 39814 | Spider:4 | Gained mutation: You have a beak for a mouth. [potion of mutation]
 39961 | Shoals:2 | Lost mutation: Armour fits poorly on your strangely shaped body. [potion of mutation]
 39961 | Shoals:2 | Lost mutation: You are dopey. (Int -2) [potion of mutation]
 39961 | Shoals:2 | Gained mutation: Your natural rate of healing is unusually fast. [potion of mutation]
 39961 | Shoals:2 | Gained mutation: Your skin changes colour to match your surroundings (Stealth+). [potion of mutation]
 39961 | Shoals:2 | Gained mutation: You can translocate small distances at will. [potion of mutation]
 40220 | Vaults:1 | Entered Level 1 of the Vaults
 40220 | Vaults:1 | Found Zech's Assorted Antiques.
 40271 | Vaults:1 | Reached skill level 10 in Axes
 40738 | Vaults:1 | Reached skill level 20 in Shields
 41103 | Vaults:1 | Received a gift from Okawaru
 41108 | Vaults:1 | Got an ancient war axe {god gift}
 41109 | Vaults:1 | Identified the +7 war axe of the Sage {flame, *Corrode Dex+9} (Okawaru gifted it to you on level 1 of the Vaults)
 41203 | Vaults:1 | Reached XP level 21. HP: 198/198 MP: 25/25
 41951 | Vaults:2 | Found a flickering gateway to a bazaar.
 41959 | Vaults:2 | Noticed Saint Roka
 41982 | Vaults:2 | Killed Saint Roka
 42338 | Vaults:2 | Received a gift from Okawaru
 42883 | Vaults:2 | Found Ecenkuh's Weapon Shop.
 42901 | Vaults:2 | Received a gift from Okawaru
 43590 | Vaults:3 | You fall through a shaft!
 43595 | Vaults:4 | Found Janwoum's Assorted Antiques.
 43712 | Vaults:4 | Received a gift from Okawaru
 43719 | Vaults:4 | Got a polished troll leather armour {god gift}
 43730 | Vaults:4 | Identified the +3 troll leather armour of Repulsion {rElec Regen+ Int+3 Slay-4} (Okawaru gifted it to you on level 4 of the Vaults)
 43857 | Vaults:4 | Reached XP level 22. HP: 138/209 MP: 25/25
 43998 | Vaults:4 | Reached skill level 15 in Axes
 43999 | Vaults:4 | Reached skill level 21 in Shields
 44546 | Vaults:4 | Received a gift from Okawaru
 44624 | Vaults:3 | Found Iced's Assorted Antiques.
 44632 | Vaults:3 | Bought a scroll of enchant armour for 270 gold pieces
 44632 | Vaults:3 | Bought a scroll labeled VAITHU ILESIXKI for 36 gold pieces
 44661 | Vaults:3 | Received a gift from Okawaru
 44902 | Vaults:3 | Found a staircase to the Crypt.
 45665 | Vaults:5 | Entered Level 5 of the Vaults
 45671 | Vaults:4 | Received a gift from Okawaru
 45693 | Vaults:4 | Reached skill level 22 in Shields
 45735 | Vaults:4 | Reached XP level 23. HP: 217/217 MP: 21/26
 45736 | Vaults:4 | Received a gift from Okawaru
 45741 | Vaults:4 | Got a twisted broad axe {god gift}
 45742 | Vaults:4 | Identified the +0 broad axe of Gluttony {chop, rElec rF+} (Okawaru gifted it to you on level 4 of the Vaults)
 45899 | Vaults:5 | Received a gift from Okawaru
 45902 | Vaults:5 | Noticed freekh's ghost (veteran VSFi)
 46441 | Vaults:5 | Killed freekh's ghost
 46447 | Vaults:5 | Got a faintly glowing trident {flame}
 46448 | Vaults:5 | Identified the +7 trident of Tymuffug {flame, rC+} (You took it off a tengu reaver on level 5 of the Vaults)
 46543 | Vaults:5 | Got a wavering lead amulet
 46545 | Vaults:5 | Identified the amulet of Zutwuh {Faith rN+ Str+9} (You found it on level 5 of the Vaults)
 46565 | Vaults:5 | Reached skill level 23 in Shields
 46645 | Vaults:5 | Noticed muxecoid's ghost (legendary FoHu)
 46954 | Vaults:5 | Received a gift from Okawaru
 46955 | Vaults:5 | Got a jewelled cloak {god gift}
 46972 | Vaults:4 | Identified the +0 cloak of Offaatue {Stlth+} (Okawaru gifted it to you on level 5 of the Vaults)
 47124 | Vaults:5 | Got an ichor-stained ring mail
 47125 | Vaults:5 | Identified the +8 ring mail of Uskayaw's Displeasure {Regen+} (You found it on level 5 of the Vaults)
 47214 | Vaults:5 | Reached XP level 24. HP: 230/231 MP: 26/26
 47348 | Vaults:5 | Killed muxecoid's ghost
 47512 | Vaults:5 | Got a steaming jade ring
 47520 | Vaults:5 | Identified the ring "Zukuxon" {Fire +Blink Dex+2} (You took it off a vault warden on level 5 of the Vaults)
 47529 | Vaults:5 | Got a slimy glass ring
 47543 | Vaults:5 | Got a smoking spear
 47544 | Vaults:5 | Identified the +4 spear "Ruimef" {holy, MR+++ MP+9 Int-2 Dex+4} (You found it on level 5 of the Vaults)
 47580 | Vaults:5 | Found Nuesiet's Armour Emporium.
 47933 | Vaults:5 | Got a silver rune of Zot
 48008 | Vaults:5 | Got a spiked scale mail
 48009 | Vaults:5 | Identified the ring "Inuog" {rPois rN+} (You took it off a deep elf knight on level 5 of the Vaults)
 48010 | Vaults:5 | Identified the +1 scale mail of Archud {Slay+2 Stlth+} (You found it on level 5 of the Vaults)
 48040 | Vaults:5 | Got a blackened cloak
 48051 | Vaults:5 | Identified the +1 cloak of Qazlal's Scorn {Stlth+} (You found it on level 5 of the Vaults)
 48171 | Vaults:5 | Got an iridescent spear
 48172 | Vaults:5 | Identified the +1 spear of Duaskuqy {flame, rF- Dex+5} (You found it on level 5 of the Vaults)
 48543 | Crypt:1  | Entered Level 1 of the Crypt
 48882 | Crypt:1  | Received a gift from Okawaru
 49320 | Crypt:1  | Reached skill level 24 in Shields
 49469 | Crypt:2  | Received a gift from Okawaru
 49730 | Crypt:2  | Received a gift from Okawaru
 50253 | Crypt:3  | Entered Level 3 of the Crypt
 50526 | Crypt:3  | Got a fine steel ring
 50532 | Crypt:3  | Identified the ring "Obruewn" {rF- Int+5 Stlth-} (You found it on level 3 of the Crypt)
 50719 | Crypt:3  | Identified Cerebov's Papyrus of Flames
 50809 | Crypt:3  | Found a staircase to the Tomb.
 51027 | Crypt:3  | Got a pair of smoking gloves
 51038 | Crypt:3  | Identified the +1 pair of gloves of the Well-Known Shrikes {rElec Str+4 Dex+2} (You found it on level 3 of the Crypt)
 51199 | Crypt:3  | Found an ancient bone altar of Kikubaaqudgha.
 51248 | Crypt:3  | Identified Noning's Guide on the Traveller and Transformation
 51257 | Crypt:3  | Noticed an ancient lich
 51264 | Crypt:3  | Killed an ancient lich
 51264 | Crypt:3  | Received a gift from Okawaru
 51264 | Crypt:3  | Reached XP level 25. HP: 177/240 MP: 26/26
 51693 | Crypt:3  | Received a gift from Okawaru
 51879 | Tomb:1   | Entered Level 1 of the Tomb of the Ancients
 52033 | Tomb:1   | Reached skill level 5 in Stealth
 52226 | Tomb:1   | Noticed a greater mummy
 52248 | Tomb:1   | HP: 5/240 [hellwing[a greater mummy] (11)]
 52250 | Tomb:1   | Killed a greater mummy
 52250 | Tomb:1   | Reached skill level 25 in Shields
 52605 | Tomb:1   | Noticed a greater mummy
 52617 | Tomb:1   | Killed a greater mummy
 53072 | Tomb:1   | Received a gift from Okawaru
 53341 | Tomb:2   | Noticed Sojobo
 53342 | Tomb:2   | Noticed a greater mummy
 53516 | Tomb:3   | Entered Level 3 of the Tomb of the Ancients
 53533 | Tomb:3   | Noticed a greater mummy
 53543 | Tomb:3   | HP: 6/232 [bennu (14)]
 53544 | Tomb:3   | Engulfed by an ushabti's foul pestilence

Skill      XL: |  1  2  3  4  5  6  7  8  9 10 11 12 13 14 15 16 17 18 19 20 21 22 23 24 25 |
---------------+----------------------------------------------------------------------------+-----
Shields        | 4 5 6 7 8 9 10 11 13 14 15 16 17 19 20 22 23 24 25 | 25.2
Polearms       | 3 4 5 6 7 9 11 13 14 15 16 17 18 19 | 19.9
Fighting       | 4 5 7 8 9 11 12 13 14 15 16 17 18 19 20 21 22 23 | 23.0
Armour         | 4 5 6 7 8 9 10 11 12 13 14 15 16 | 16.7
Dodging        | 1 2 3 4 8 11 13 15 16 | 16.6
Stealth        | 1 2 3 4 5 |  5.3
Throwing       | 2 3 6 8 9 |  9.6
Invocations    | 4 6 7 8 9 |  9.4
Evocations     | 2 4 6 7 9 10 | 10.6
Long Blades    | 2 3 5 |  5.9
Axes           | 8 9 11 14 16 18 19 | 19.8

Action                   |  1- 3 |  4- 6 |  7- 9 | 10-12 | 13-15 | 16-18 | 19-21 | 22-24 | 25-27 || total
-------------------------+-------+-------+-------+-------+-------+-------+-------+-------+-------++-------
Melee: Trident           |   102 |   225 |   313 |   843 |   870 |   891 |    14 |       |       ||  3258
       Headbutt          |     5 |    31 |    40 |   134 |   345 |   412 |   614 |   695 |   122 ||  2398
       Demon trident     |       |       |       |       |   749 |   472 |   970 |    32 |       ||  2223
       Double sword      |       |       |       |       |       |    39 |       |       |       ||    39
       War axe           |       |       |       |       |       |   249 |   876 |  1552 |   300 ||  2977
       Falchion          |       |       |       |       |       |       |   214 |    11 |       ||   225
       Peck              |       |       |       |       |       |       |   284 |   651 |   118 ||  1053
       Spear             |       |       |       |       |       |       |       |    75 |       ||    75
Throw: Javelin           |       |       |    19 |     5 |     4 |     8 |    10 |    39 |     5 ||    90
Invok: Finesse           |       |       |       |       |     8 |     5 |     4 |    15 |     2 ||    34
 Abil: Evoke Berserk Rag |       |       |       |       |     2 |     6 |     2 |     1 |       ||    11
       Evoke Flight      |       |       |       |       |       |       |     2 |       |       ||     2
       Blink             |       |       |       |       |       |       |       |     1 |       ||     1
Evoke: Wand              |       |       |       |     2 |    16 |     6 |     7 |     2 |     1 ||    34
       Phantom mirror    |       |       |       |       |       |     2 |     1 |       |       ||     3
  Use: Potion            |       |       |     2 |     1 |     1 |     6 |    23 |     1 |     7 ||    41
       Scroll            |       |       |    22 |    14 |    11 |    14 |    16 |    16 |     1 ||    94
 Stab: Distracted        |       |       |       |       |     1 |     3 |       |     5 |     2 ||    11
       Petrified         |       |       |       |       |     5 |       |       |       |       ||     5
       Petrifying        |       |       |       |       |     1 |       |       |       |       ||     1
       Sleeping          |       |       |       |       |       |       |       |    14 |     9 ||    23
  Eat: Chunk             |     1 |     5 |    12 |    19 |    31 |    27 |    32 |    18 |     1 ||   146
       Royal jelly       |       |       |     1 |       |       |       |       |       |       ||     1
       Fruit             |       |       |       |       |     4 |     3 |    15 |    10 |     8 ||    40
       Meat ration       |       |       |       |       |       |     1 |       |       |       ||     1
Armor: Scale mail        |    27 |    61 |    88 |       |       |       |       |       |       ||   176
       Plate armour      |       |       |    22 |   240 |   300 |   318 |   497 |   160 |       ||  1537
       Ring mail         |       |       |       |       |       |       |       |    67 |    47 ||   114
Dodge: Dodged            |    11 |    44 |    63 |   126 |   224 |   495 |   710 |   460 |   162 ||  2295
Block: Shield            |    30 |    92 |   102 |   316 |   516 |   877 |   796 |       |       ||  2729
       Reflection        |       |       |       |       |    16 |    67 |   165 |   139 |     1 ||   388
       Large shield      |       |       |       |       |       |       |   846 |  1545 |   340 ||  2731
       Rpst.: Double sword |       |       |       |       |       |     8 |       |       |       ||     8
       Falchion          |       |       |       |       |       |       |    17 |     5 |       ||    22
